Map: Abiogenesis LE

Players

Kozzy

  • Race: Protoss Protoss
  • League: Gold
  • Spawn Location: 5:00

Dread - Winner!

  • Race: Terran Terran
  • League: Platinum
  • Spawn Location: 11:00

VOD

Have the link to the VOD?

Description

Time

  • Played on: April 10, 2018, 3:23 p.m.
  • Length: 7:00
Show
View Real Time Build Order
Export as new Build Order

Kozzy Protoss 

Build Orders:  

Get SALT Encoding   

  12  0:01  Probe  
  13  0:13  Probe  
  14  0:25  Pylon  
  14  0:26  Probe  
  15  0:32  Assimilator  
  15  0:44  Gateway  
  15  0:46  Probe (Chrono Boost)  
  16  0:56  Probe (Chrono Boost)  
  17  1:01  Probe (Chrono Boost), Assimilator  
  18  1:13  Probe  
  19  1:25  Probe (Chrono Boost)  
  19  1:33  Pylon  
  19  1:36  Probe (Chrono Boost)  
  20  1:41  Probe (Chrono Boost), Cybernetics Core  
  20  1:44  Pylon  
  21  1:51  Probe  
  22  2:04  Forge  
  22  2:14  Stalker (Chrono Boost)  
  23  2:15  Probe  
  23  2:21  Warp Gate  
  25  2:27  Shield Battery  
  25  2:41  Pylon  
  25  2:44  Stalker  
  25  2:51  Photon Cannon  
  27  3:02  Protoss Ground Weapons Level 1 (Chrono Boost)  
  27  3:06  Gateway  
  27  3:24  Stalker  
  29  3:31  Pylon  
  29  3:46  Gateway  
  29  3:47  Pylon  
  29  3:48  Pylon  
  29  4:36  Photon Cannon, Shield Battery  
  27  4:44  Gateway  
  23  4:50  Stalker x2  
  23  4:51  Stalker  
  29  5:20  Pylon, Stalker x3  
  35  5:38  Pylon  
  35  5:48  Zealot x3  
  41  5:50  Pylon  
  41  5:58  Stalker  
  39  6:20  Stalker x2  
  41  6:35  Stalker x2  
Show
View Real Time Build Order
Export as new Build Order

Dread Terran - Winner!

Build Orders:  

Get SALT Encoding   

  12  0:01  SCV  
  13  0:13  SCV  
  14  0:21  Supply Depot  
  14  0:25  SCV  
  15  0:43  SCV  
  15  0:45  Barracks  
  16  0:55  SCV  
  16  0:56  Refinery  
  17  0:57  Refinery  
  17  1:07  SCV  
  18  1:19  SCV  
  18  1:31  SCV  
  19  1:44  Supply Depot  
  19  1:46  SCV  
  20  1:52  Factory  
  20  1:58  SCV  
  21  2:02  Barracks Tech Lab  
  21  2:09  Supply Depot  
  21  2:10  SCV  
  23  2:22  SCV  
  23  2:29  Barracks Tech Lab  
  23  2:37  Starport  
  23  2:44  Starport  
  23  3:16  Supply Depot  
  23  3:34  Banshee x2  
  23  3:39  Widow Mine  
  31  3:51  Command Center  
  31  3:55  Engineering Bay  
  31  4:13  Marine  
  32  4:31  Marine  
  32  4:35  Cloaking Field  
  33  4:39  Starport Tech Lab  
  33  4:49  Marine  
  33  4:51  Banshee  
  37  5:01  Banshee  
  40  5:33  Banshee  
  43  5:36  Planetary Fortress  
  43  5:44  Banshee  
  43  5:47  SCV  
  47  5:59  SCV  
  46  6:11  SCV  
  46  6:16  Banshee  
  49  6:24  SCV  
  49  6:26  SCV  
  50  6:38  SCV  
Tags
 
Add a new tag
Caveats
  • Supply blocks, unpowered buildings, or Contaminate may cause inaccurate times.
  • Supply counts are checked every 10 seconds.